 Dungeon Crawl Stone Soup version 0.31.0-9-g3a7656b989 (webtiles) character file.

Game seed: 6569426254826694690

207 qw the Skirmisher (level 5, 0/29 HPs)
             Began as a Deep Elf Hunter on Feb 2, 2024.
             Slain by a hobgoblin (1 damage)
             ... led by Robin
             ... on level 4 of the Dungeon.
             The game lasted 00:00:12 (3283 turns).

qw the Skirmisher (Deep Elf Hunter)                 Turns: 3283, Time: 00:00:13

Health: 0/29       AC:  3    Str: 10    XL:     5   Next: 54%
Magic:  7/7        EV: 12    Int: 14    God:
Gold:   158        SH:  0    Dex: 18    Spells: 4/4 levels left

rFire   . . .        a - +0 shortbow
rCold   . . .        (shield currently unavailable)
rNeg    . . .        c - +0 leather armour
rPois   .            (no helmet)
rElec   .            (no cloak)
rCorr   .            (no gloves)
SInv    .            (no boots)
Will    .....        (no amulet)
Stlth   ++           (no ring)
HPRegen 0.24/turn    (no ring)
MPRegen 0.10/turn

%: no passive effects
@: about to teleport, hasted, very quick
A: no striking features
a: no special abilities


You were on level 4 of the Dungeon.
You visited 1 branch of the dungeon, and saw 4 of its levels.

You collected 158 gold pieces.


   Skills:
 - Level 1.5 Fighting
 - Level 9.1 Ranged Weapons
 + Level 2.4 Dodging
 - Level 1.2 Stealth


You had 4 spell levels left.
You didn't know any spells.
Your spell library was empty.

Inventory:

Hand Weapons
 a - a +0 shortbow (weapon)
Armour
 b - a +0 cloak
 c - a +0 leather armour (worn)
 e - a +0 scale mail
Jewellery
 d - a ring of resist corrosion
Scrolls
 f - a scroll of immolation {unknown}
 i - a scroll of identify
Potions
 g - 3 potions of curing
 h - a potion of haste

Dungeon Overview and Level Annotations

Branches:
Dungeon (4/15)
 Temple: D:4-7

Altars:
Cheibriados
Gozag
Kikubaaqudgha
The Shining One

Annotations:
D:2 1 runed translucent door, Crazy Yiuf
D:4 Eustachio


Message History

The scorpion is severely wounded.
The scorpion stings you but does no damage.
You shoot an arrow.
The arrow hits the scorpion but does no damage.
The scorpion is severely wounded.
Eustachio gestures wildly while chanting.
The scorpion stings you.
You shoot an arrow. The arrow hits the scorpion.
The scorpion is almost dead.
The scorpion stings you.
Enter note:
Enter note:
Enter note:
Enter note:
3277 ||| RETREEEEATING.
The white imp disappears in a puff of smoke!
The scorpion barely misses you.
You shoot an arrow. The arrow hits the scorpion!
You kill the scorpion!
Your Ranged Weapons skill increases to level 9!
You shoot an arrow. The arrow closely misses the ufetubus.
The arrow hits Eustachio.
Eustachio is lightly wounded.
The ufetubus hits you. The ufetubus closely misses you.
3280 ||| READING scroll of teleportation.
As you read the scroll of teleportation, it crumbles to dust.
You feel strangely unstable. The ufetubus slips past you!
The ufetubus hits you but does no damage. x2
You shoot an arrow.
The arrow completely misses the ufetubus.
The ufetubus closely misses you. The ufetubus barely misses you.
You shoot an arrow. The arrow hits the ufetubus.
The ufetubus is heavily wounded.
The hobgoblin barely misses you. The ufetubus barely misses you.
The ufetubus hits you.
You shoot an arrow. The arrow hits the ufetubus.
The ufetubus is almost dead.
The ufetubus closely misses you. The ufetubus hits you. The hobgoblin hits you.
You die...

# .. g.
##############
g#
#..........5.#
gg
#.##########@#.#
#.# #>gg# #.###
###@# #...# 55.
###.# #.# #.#
... #.# ##. #.#
#.#


You could see Eustachio, 3 ufetubi, a hobgoblin and a goblin.

Vanquished Creatures
  A scorpion (D:4)
  3 gnolls (D:4)
  4 adders
  4 dart slugs
  A ribbon worm (D:2)
  5 bats
  3 endoplasms
  4 giant cockroaches
  7 hobgoblins
  5 kobolds
  4 quokkas (D:1)
  6 ball pythons
  6 frilled lizards
  10 goblins
  12 rats
75 creatures vanquished.

Vanquished Creatures (others)
  A human (D:3)
1 creature vanquished.

Grand Total: 76 creatures vanquished

Notes
Turn   | Place    | Note
-------+----------+-------------------------------------------
     0 | D:1      | qw the Deep Elf Hunter began the quest for the Orb.
     0 | D:1      | Reached XP level 1. HP: 12/12 MP: 3/3
     0 | D:1      | 0 ||| qw: Version: 0.3-a-155-g5e7d8dd
     0 | D:1      | 0 ||| qw: Game counter: 2505
     0 | D:1      | 0 ||| qw: Melee chars always use a shield: true
     0 | D:1      | 0 ||| qw: God list: Okawaru
     0 | D:1      | 0 ||| qw: Allow faded altars: false
     0 | D:1      | 0 ||| qw: Do Orc after clearing Dungeon:15 true
     0 | D:1      | 0 ||| qw: Do second Lair branch before Depths: true
     0 | D:1      | 0 ||| qw: Lair rune preference: random
     0 | D:1      | 0 ||| qw: Goals: Normal
     0 | D:1      | 0 ||| PLANNING D:1-11
   113 | D:1      | Found a faded altar of an unknown god.
   132 | D:1      | Reached XP level 2. HP: 16/16 MP: 4/4
   136 | D:1      | Reached skill level 6 in Ranged Weapons
   409 | D:1      | Reached XP level 3. HP: 15/20 MP: 5/5
   793 | D:1      | 793 ||| READING 2 scrolls labelled TIAMMA NETOF.
   796 | D:1      | 796 ||| DRINKING 3 sedimented amethyst potions.
   797 | D:1      | 797 ||| DRINKING 3 fuming white potions.
   798 | D:1      | 798 ||| DROPPING scroll of butterflies.
   799 | D:1      | 799 ||| DROPPING 2 potions of brilliance.
  1011 | D:2      | Reached skill level 7 in Ranged Weapons
  1123 | D:2      | Found a runed translucent door.
  1124 | D:2      | Noticed Crazy Yiuf
  1298 | D:2      | HP: 4/20 [ribbon worm (5)]
  1299 | D:2      | 1299 ||| READING scroll of teleportation.
  1304 | D:2      | 1304 ||| FLEEEEING.
  1430 | D:2      | Reached XP level 4. HP: 24/25 MP: 6/6
  2041 | D:2      | 2041 ||| READING scroll labelled ETEKIS BESIKU.
  2042 | D:2      | 2042 ||| READING scroll labelled VATZIF LIZO.
  2043 | D:2      | 2043 ||| READING 2 scrolls labelled KEFRIB NUPROU.
  2043 | D:2      | 2043 ||| IDENTIFYING viscous cyan potion
  2044 | D:2      | 2044 ||| READING scroll of identify.
  2044 | D:2      | 2044 ||| IDENTIFYING fuming sapphire potion
  2045 | D:2      | 2045 ||| DROPPING potion of invisibility.
  2046 | D:2      | 2046 ||| DROPPING potion of lignification.
  2141 | D:3      | Found an opulent altar of Gozag.
  2199 | D:3      | Found a snail-covered altar of Cheibriados.
  2408 | D:3      | Found a glowing golden altar of the Shining One.
  2772 | D:3      | Found an ancient bone altar of Kikubaaqudgha.
  2774 | D:3      | Noticed a human
  2776 | D:3      | Killed a human
  2777 | D:3      | 2777 ||| READING scroll of identify.
  2777 | D:3      | 2777 ||| IDENTIFYING sapphire potion
  3096 | D:4      | Reached skill level 8 in Ranged Weapons
  3098 | D:4      | 3098 ||| RETREEEEATING.
  3099 | D:4      | 3099 ||| RETREEEEATING.
  3106 | D:4      | HP: 6/25 [gnoll/+0 club (2)]
  3107 | D:4      | 3107 ||| READING scroll of teleportation.
  3121 | D:4      | Reached XP level 5. HP: 10/29 MP: 7/7
  3263 | D:4      | Noticed Eustachio
  3264 | D:4      | 3264 ||| DRINKING 2 potions of haste.
  3277 | D:4      | 3277 ||| RETREEEEATING.
  3279 | D:4      | Reached skill level 9 in Ranged Weapons
  3279 | D:4      | HP: 7/29 [ufetubus[Eustachio] (2)]
  3280 | D:4      | 3280 ||| READING scroll of teleportation.
  3283 | D:4      | HP: 1/29 [ufetubus[Eustachio] (4)]
  3283 | D:4      | Slain by a hobgoblin

Levels and vault maps discovered:
D:1:      tekkud_arrival_beachfront_property, layout_basic,
          ebering_ecumenical_altar_sacrificial, serial_bayou_pond_b
D:2:      minmay_diamond_boxcup, layout_basic, nicolae_the_louvre,
          uniq_crazy_yiuf_cottage
D:3:      layout_loops_ring, mainiacjoe_overflow_cross_hatched,
          cheibriados_altar_1, tgw_kikubaaqudgha,
          mainiacjoe_overflow_six_doors_small
D:4:      layout_loops_ring, hangedman_decor_clover_reticule, uniq_robin,
          uniq_eustachio

Skill      XL: |  1  2  3  4  5 |
---------------+----------------+-----
Ranged Weapons | 6 7 8 9 |  9.1
Fighting       | |  1.5
Dodging        | |  2.4
Stealth        | |  1.2

Action                     |  1- 3 |  4- 6 || total
---------------------------+-------+-------++-------
   Fire: Shortbow          |   162 |    87 ||   249
    Use: Scroll            |     2 |     7 ||     9
         Potion            |     2 |     1 ||     3
 Armour: Leather armour    |    33 |    20 ||    53
  Dodge: Dodged            |    30 |    21 ||    51

Table legend:
 A = Non-vault XP
 B = Vault XP
 C = Vault XP percentage of total XP
 D = Non-vault monster count
 E = Vault monster count
 F = Vault count percentage of total count
                 A         B        C        D         E       F
            +---------+---------+-------+---------+---------+-------
      Total |     278 |      19 |   6.4 |      63 |      12 |  16.0
            +---------+---------+-------+---------+---------+-------
        D:1 |      43 |       4 |   8.5 |      24 |       3 |  11.1
        D:2 |      41 |      11 |  21.2 |      17 |       7 |  29.2
        D:3 |      49 |       0 |   0.0 |      15 |       0 |   0.0
        D:4 |     145 |       4 |   2.7 |       7 |       2 |  22.2
            +---------+---------+-------+---------+---------+-------
